 Dungeon Crawl Stone Soup version 0.24-a0-520-g8fd06ad0bc (webtiles) character file.

Game seed: 10246840892471184588

14 Iscandelvey the Vexing (level 2, 21/21 HPs)
             Began as a Demonspawn Arcane Marksman on July 25, 2019.
             Quit the game on level 1 of the Dungeon.
             The game lasted 00:00:17 (525 turns).

Iscandelvey the Vexing (Demonspawn Arcane Marksman)  Turns: 525, Time: 00:00:18

Health: 21/21      AC:  2    Str: 10    XL:     2   Next: 31%
Magic:  3/3        EV: 12    Int: 14    God:
Gold:   18         SH:  0    Dex: 13    Spells: 2/3 levels left

rFire    . . .     SeeInvis .   a - +0 hunting sling
rCold    + . .     Gourm    .   (no shield)
rNeg     . . .     Faith    .   e - +0 robe
rPois    .         Spirit   .   (no helmet)
rElec    .         Reflect  .   (no cloak)
rCorr    .         Harm     .   (no gloves)
MR       .....                  (no boots)
Stlth    +.........             (no amulet)
HPRegen  0.07/turn              (no ring)
MPRegen  0.08/turn              (no ring)

@: no status effects
A: cold resistance 1
a: no special abilities


You were on level 1 of the Dungeon.
You were not hungry.

You visited 1 branch of the dungeon, and saw 1 of its levels.

You collected 18 gold pieces.

Inventory:

Hand Weapons
 a - a +0 hunting sling (weapon)
Missiles
 d - 14 sling bullets (quivered)
 i - 15 stones
Armour
 e - a +0 robe (worn)
Scrolls
 c - 4 scrolls of teleportation {unknown}
 h - 2 scrolls of identify {unknown}
 j - a scroll of noise {unknown}
 k - a scroll of fog {unknown}
 m - a scroll of amnesia {unknown}
Potions
 b - a potion of lignification {unknown}
 g - a potion of curing {unknown}
 l - a potion of cancellation {unknown}
Comestibles
 f - 4 rations


   Skills:
 + Level 1.0 Fighting
 + Level 2.1 Slings
 + Level 1.8 Dodging
 + Level 1.0 Spellcasting
 + Level 3.5 Hexes


You had 2 spell levels left.
You knew the following spells:

 Your Spells              Type           Power        Failure   Level  Hunger
a - Corona                Hex            ##.....      6%          1    ##.....

Your spell library contained the following spells:

 Spells                   Type           Power        Failure   Level  Hunger
 Slow                     Hex            ##......     10%         2    ###....
 Inner Flame              Hex/Fire       #.......     36%         3    ####...
 Portal Projectile        Hex/Tloc       #.....       36%         3    ####...
 Cause Fear               Hex            ##........   52%         4    #####..
 Leda's Liquefaction      Hex/Erth       #.........   77%         4    #####..


Dungeon Overview and Level Annotations

Branches:
Dungeon (1/15)

Altars:


Innate Abilities, Weirdness & Mutations

Your flesh is cold resistant. (rC+)


Message History

Things that are here:
a +0 club; a goblin corpse No target in view!
You open the door.
There is an open door here.
You see here a bat skeleton.
Partly explored, can't reach some places.
No target in view!
Partly explored, can't reach some places.
No target in view!
Partly explored, can't reach some places.
No target in view!
Partly explored, can't reach some places.
No target in view!
Partly explored, can't reach some places.
No target in view!
Partly explored, can't reach some places.
No target in view!
Partly explored, can't reach some places.
Are you sure you want to abandon this character and quit the game? (Confirm with "yes".)

≈≈≈### ### ##..
#≈≈≈####.####################..#
##..≈≈.........................##
≈....≈≈.#############.###########
..≈≈≈........#...# #.##### #
#.≈..........#...# #.....# #
##≈..........#...########.## ###
.............#.......# #..####..
##...........#..@###.####.......#
##...........#...# #....÷..#...##
...#########.########.###....####
...##..#.........#..###...##.####
.#.##.#...........#.#...####.##..
...###.....#.#.....######........
#...#......#.#......#.....##.....
#...#......#.#......##..####.#.##
....#....#.#.#.#....#.....#.....#


There were no monsters in sight!

Vanquished Creatures
  5 bats (D:1)
  A giant cockroach (D:1)
  A goblin (D:1)
  3 hobgoblins (D:1)
  A frilled lizard (D:1)
  3 rats (D:1)
14 creatures vanquished.

Notes
Turn   | Place    | Note
-------+----------+-------------------------------------------
     0 | D:1      | Iscandelvey the Demonspawn Arcane Marksman began the quest
                  | for the Orb.
     0 | D:1      | Reached XP level 1. HP: 15/15 MP: 2/2
   241 | D:1      | Gained mutation: Your flesh is cold resistant. (rC+)
                  | [demonic ancestry]
   241 | D:1      | Reached XP level 2. HP: 21/21 MP: 3/3
   525 | D:1      | Quit the game

Levels and vault maps discovered:
D:1:      matt_arrival_grand_opening, layout_rooms, minivault_25,
          chequers_serial_rivers_small_b

Skill      XL: |  1 |
---------------+----+-----
Slings         | 2 |  2.1
Fighting       | |  1.0
Dodging        | |  1.8
Spellcasting   | |  1.0
Hexes          | |  3.5

Action                   || total
-------------------------++-------
 Fire: Hunting sling     ||    30
Armor: Robe              ||     2
Dodge: Dodged            ||     5

Table legend:
 A = Non-vault XP
 B = Vault XP
 C = Vault XP percentage of total XP
 D = Non-vault monster count
 E = Vault monster count
 F = Vault count percentage of total count
                 A         B        C        D         E       F
            +---------+---------+-------+---------+---------+-------
      Total |      21 |       0 |   0.0 |      14 |       0 |   0.0
            +---------+---------+-------+---------+---------+-------
        D:1 |      21 |       0 |   0.0 |      14 |       0 |   0.0
            +---------+---------+-------+---------+---------+-------
